 Dungeon Crawl Stone Soup version 0.26.1-11-gd32895ea62 (webtiles) character file.

Game seed: 5868022337830288179

1232 eliilek the Cudgeller (level 8, -1/65 (67) HPs)
             Began as a Minotaur Berserker on Jan 24, 2021.
             Was an Elder of Trog.
             Slain by a redback (13 damage)
             ... summoned by a deep elf mage
             ... on level 6 of the Dungeon on June 3, 2021.
             The game lasted 00:25:42 (5044 turns).

eliilek the Cudgeller (Minotaur Berserker)          Turns: 5044, Time: 00:25:43

HP:   -1/65 (67)    AC: 11    Str: 24    XL:     8   Next: 24%
MP:   7/7           EV:  5    Int:  7    God:    Trog [****..]
Gold: 398           SH: 18    Dex: 10    Spells: 7/7 levels left

rFire    + . .     SeeInvis +   a - +9 war axe of Malaise {flame, rF+ Int+3 SInv}
rCold    . . .     Faith    .   m - +2 tower shield
rNeg     . . .     Spirit   .   u - +0 chain mail
rPois    .         Reflect  .   (helmet restricted)
rElec    .         Harm     .   d - +0 cloak
rCorr    .         Rampage  .   (no gloves)
Will     ++...                  (no boots)
Stlth    ..........             (no amulet)
HPRegen  1.20/turn              (no ring)
MPRegen  0.10/turn              (no ring)

@: regenerating (expiring), lightly drained
A: retaliatory headbutt, horns 2
a: Renounce Religion, Berserk, Trog's Hand, Brothers in Arms


You were on level 6 of the Dungeon.
You worshipped Trog.
Trog was greatly pleased with you.
You visited 1 branch of the dungeon, and saw 6 of its levels.

You collected 398 gold pieces.

Inventory:

Hand Weapons
 a - the +9 war axe of Malaise (weapon) {flame, rF+ Int+3 SInv}
   (You found it on level 4 of the Dungeon)

   It has been specially enchanted to burn those struck by it, causing extra
   injury to most foes and up to half again as much damage against particularly
   susceptible opponents.
   Big, fiery blades are also staple armaments of hydra-hunters.
   It affects your intelligence (+3).
   It protects you from fire.
   It lets you see invisible.
 b - a +0 hunting sling
Missiles
 g - 97 stones (quivered)
 o - 60 sling bullets
Armour
 d - a +0 cloak (worn)
 m - a +2 tower shield (worn)
 u - a +0 chain mail (worn)
Wands
 f - a wand of digging (3)
 s - a wand of disintegration (10)
 w - a wand of iceblast (14)
 y - a wand of paralysis (7)
Scrolls
 c - 2 scrolls of immolation {unknown}
 h - 2 scrolls of remove curse
 k - 2 scrolls of identify
 l - 4 scrolls of teleportation
 n - 2 scrolls of fear {unknown}
 p - 2 scrolls of enchant weapon
 q - a scroll of blinking {unknown}
 v - 2 scrolls of fog {unknown}
 z - a scroll of holy word {unknown}
Potions
 e - a potion of ambrosia {unknown}
 i - 3 potions of mutation {unknown}
 j - a potion of attraction {unknown}
 r - 3 potions of curing
 t - a potion of heal wounds {unknown}
 x - 2 potions of brilliance {unknown}
 A - 2 potions of degeneration {unknown}
 B - a potion of lignification {unknown}


   Skills:
 - Level 4.8 Fighting
 * Level 4.5(6.1) Axes
 - Level 6.2(6.9) Maces & Flails
 + Level 3.0 Slings
 + Level 5.6 Armour
 - Level 2.1 Dodging
 * Level 6.2 Shields


You had 7 spell levels left.
You didn't know any spells.
Your spell library was empty.

Dungeon Overview and Level Annotations

Branches:
Dungeon (6/15)             Temple (0/1) D:4

Altars:
Ashenzari
Cheibriados
Kikubaaqudgha
Nemelex Xobeh
Uskayaw
Vehumet
Xom


Innate Abilities, Weirdness & Mutations

You reflexively headbutt those who attack you in melee.
You have a pair of horns on your head.


Message History

The demonic crawler hits you! You block the deep elf mage's attack.
The redback barely misses you. The redback bites you! x2
* * * LOW HITPOINT WARNING * * *
The tarantella bites you.
* * * LOW HITPOINT WARNING * * *
You miss the deep elf mage.
The deep elf mage is severely wounded.
You slash the redback! You burn the redback.
You barely miss the demonic crawler. You slash the redback!
You burn the redback. You slash the tarantella! You burn the tarantella.
You kill the tarantella!
The tarantella's corpse disappears in a puff of smoke!
You barely miss the sun demon. You closely miss the redback.
The demonic crawler hits you.
* * * LOW HITPOINT WARNING * * *
The demonic crawler hits you but does no damage.
You block the demonic crawler's attack. You block the sun demon's attack.
The redback bites you but does no damage. x2
The redback bites you!
You die...

#################
#...........#...#
#...............###
#..###########(...####
#..#.se⌠.?+ #..#....##
##.#.s@s[.+..#........#
#.#.s§3.!+..#.......##
#.#..#+++#..#...###..#
#.#..#...#..#.#..##...
#.#..#...#..#...###...
#.#..#...#..#..>#####.
#.#..#...#..#......###
#.#..#...#..#....#.###
#.#..8...8..#........#


You could see a demonic crawler (summoned), a sun demon (summoned), a deep elf
mage and 3 redbacks.

Vanquished Creatures
  Grinder (D:3)
  An ogre (D:4)
  A centaur (D:6)
  A bullfrog (D:6)
  2 scorpions
  An orc priest (D:6)
  2 hounds
  2 jellies
  A centaur skeleton (D:5)
  A bullfrog skeleton (D:6)
  Ijyb (D:5)
  2 iguanas
  8 worker ants
  A hound zombie (D:5)
  A hound skeleton (D:5)
  10 adders
  An ooze (D:1)
  2 adder skeletons (D:4)
  8 dart slugs
  A worm (D:2)
  7 leopard geckos
  10 orcs
  3 giant cockroaches
  7 goblins
  7 hobgoblins
  4 jackals (D:1)
  11 kobolds
  A quokka (D:6)
  10 bats
  2 frilled lizards
  A quokka skeleton (D:4)
  A quokka zombie (D:5)
  9 rats
121 creatures vanquished.

Notes
Turn   | Place    | Note
-------+----------+-------------------------------------------
     0 | D:1      | eliilek the Minotaur Berserker began the quest for the Orb.
     0 | D:1      | Reached XP level 1. HP: 19/19 MP: 0/0
   201 | D:1      | Reached XP level 2. HP: 21/27 MP: 1/1
   697 | D:1      | Reached XP level 3. HP: 33/33 MP: 2/2
   809 | D:1      | Reached ** piety under Trog
  1006 | D:1      | Upgraded the game from 0.26.0-20-g3ca415f5b8 to
                  | 0.26.0-45-g9c1d065592
  1203 | D:2      | Reached XP level 4. HP: 38/40 MP: 3/3
  1253 | D:2      | Reached skill level 5 in Maces & Flails
  1311 | D:2      | Reached skill level 1 in Shields
  2028 | D:3      | Noticed Grinder
  2044 | D:3      | Killed Grinder
  2045 | D:3      | Reached XP level 5. HP: 47/47 MP: 4/4
  2045 | D:3      | Reached XP level 6. HP: 55/55 MP: 5/5
  2260 | D:3      | Found a hide-covered altar of Uskayaw.
  2287 | D:3      | Reached *** piety under Trog
  2695 | D:3      | Upgraded the game from 0.26.0-45-g9c1d065592 to
                  | 0.26.0-90-g5fd8617961
  2721 | D:3      | Upgraded the game from 0.26.0-90-g5fd8617961 to
                  | 0.26.1-11-gd32895ea62
  2823 | D:4      | Found Mine's Gadget Emporium.
  2870 | D:4      | Got a masterwork war axe
  2870 | D:4      | Identified the +9 war axe of Malaise {flame, rF+ Int+3
                  | SInv} (You found it on level 4 of the Dungeon)
  2876 | D:4      | Found an ancient bone altar of Kikubaaqudgha.
  2883 | D:4      | Reached skill level 1 in Slings
  2965 | D:4      | Found a sparkling altar of Nemelex Xobeh.
  2980 | D:4      | Found a staircase to the Ecumenical Temple.
  3165 | D:4      | Found a radiant altar of Vehumet.
  3217 | D:4      | Reached skill level 1 in Axes
  3320 | D:4      | Reached XP level 7. HP: 60/60 MP: 6/6
  3668 | D:5      | Entered Level 5 of the Dungeon
  3790 | D:5      | Noticed Ijyb
  3794 | D:5      | Killed Ijyb
  4107 | D:5      | Reached skill level 5 in Shields
  4191 | D:5      | Found a snail-covered altar of Cheibriados.
  4298 | D:5      | Found a shimmering altar of Xom.
  4356 | D:5      | Reached skill level 5 in Armour
  4375 | D:5      | Found a broken altar of Ashenzari.
  4665 | D:6      | Reached XP level 8. HP: 67/67 MP: 7/7
  4796 | D:6      | Reached **** piety under Trog
  5034 | D:6      | Noticed a deep elf mage
  5040 | D:6      | Noticed a demonic crawler
  5043 | D:6      | Noticed a sun demon
  5044 | D:6      | Slain by a redback

Illustrated notes

Levels and vault maps discovered:
D:1:      wander_arrival_peaceful_grave, layout_loops_ring,
          kennysheep_another_room, corexii_item_surrounded_by_moat
D:2:      layout_rooms, dk_noncrumbling_4, st_stairs_14,
          minmay_misc_feat_diagonals
D:3:      layout_basic, eat_drink_and_be_merry_uskayaw, uniq_grinder
D:4:      layout_basic, lemuel_round_altar, kiku_gazebo_garden_becter,
          nemelex_xobeh_ov_fountains_minmay, minmay_temple_entry_statues,
          serial_shops, shop, minmay_misc_feat_x
D:5:      layout_loops_ring, kennysheep_slug_shrine,
          lemuel_coloured_pillars_altar, nicolae_overflow_hidden_temple,
          uniq_ijyb
D:6:      layout_cave_pools, kennysheep_mini, serial_park, serial_park_square2,
          guppyfry_early_elven_hall

Skill      XL: |  1  2  3  4  5  6  7  8 |
---------------+-------------------------+-----
Maces & Flails | 4 6 |  6.2
Fighting       | 4 |  4.8
Armour         | 3 4 5 |  5.6
Shields        | 3 4 5 6 |  6.2
Slings         | 1 2 3 |  3.0
Axes           | 1 3 4 |  4.5
Dodging        | |  2.1

Action                   |  1- 3 |  4- 6 |  7- 9 || total
-------------------------+-------+-------+-------++-------
Melee: Mace              |    69 |       |       ||    69
       Headbutt          |     6 |     8 |     5 ||    19
       Flail             |       |    61 |       ||    61
       War axe           |       |    12 |    55 ||    67
 Fire: Hunting sling     |    17 |    55 |    67 ||   139
Invok: Berserk           |     1 |       |       ||     1
       Trog's Hand       |       |     1 |     1 ||     2
  Use: Scroll            |       |     2 |     4 ||     6
Armor: Animal skin       |     1 |       |       ||     1
       Leather armour    |    31 |    12 |       ||    43
       Chain mail        |       |     3 |    19 ||    22
Dodge: Dodged            |    52 |    10 |     8 ||    70
Block: Tower shield      |     7 |    43 |    42 ||    92
